 Dungeon Crawl Stone Soup version 0.29.1-15-g9cfb28693d (webtiles) character file.

Game seed: 5201024097809644553

6917 BuddhaDhamma the Severer (level 10, -10/115 HPs)
             Began as a Minotaur Berserker on Feb 27, 2023.
             Was a High Priest of Trog.
             Killed from afar by a gargoyle (20 damage)
             ... with a stone arrow
             ... on level 10 of the Dungeon.
             The game lasted 00:29:19 (12361 turns).

BuddhaDhamma the Severer (Minotaur Berserker)      Turns: 12361, Time: 00:29:19

Health: -10/115    AC: 15    Str: 27    XL:     10   Next: 79%
Magic:  9/9        EV:  7    Int: 12    God:    Trog [*****.]
Gold:   562        SH:  6    Dex:  9    Spells: 9/9 levels left

rFire   . . .      SeeInvis .   z - +0 war axe
rCold   . . .      Faith    +   p - +0 kite shield
rNeg    . . .      Spirit   .   i - +0 chain mail
rPois   .          Reflect  .   (helmet restricted)
rElec   +          Harm     +   w - +1 cloak "Wimazic" {rElec Int+4}
rCorr   .          Rampage  .   B - +0 pair of gloves of the Glowing Gods {Harm rElec Int+4}
Will    .....                   h - +2 pair of boots
Stlth   ..........              a - amulet of faith
HPRegen 0.29/turn               (no ring)
MPRegen 0.11/turn               (no ring)

@: berserking, very quick
A: horns 2, retaliatory headbutt
a: Renounce Religion, Berserk, Trog's Hand, Brothers in Arms


You were on level 10 of the Dungeon.
You worshipped Trog.
Trog was extremely pleased with you.
You visited 1 branch of the dungeon, and saw 10 of its levels.
You also visited: Ossuary.

You collected 562 gold pieces.

Inventory:

Hand Weapons
 z - a +0 war axe (weapon)
Missiles
 e - 17 poisoned darts (quivered)
Armour
 h - a +2 pair of boots (worn)
 i - a +0 chain mail (worn)
 p - a +0 kite shield (worn)
 w - the +1 cloak "Wimazic" (worn) {rElec Int+4}
   (You found it on level 7 of the Dungeon)

   Int:       It affects your intelligence (+4).
   rElec:     It insulates you from electricity.
 B - the +0 pair of gloves of the Glowing Gods (worn) {Harm rElec Int+4}
   (You found it on level 9 of the Dungeon)

   Int:       It affects your intelligence (+4).
   rElec:     It insulates you from electricity.
   Harm:      It increases damage dealt and taken.
Jewellery
 a - an amulet of faith (around neck)
 A - an amulet of regeneration
Wands
 g - a wand of roots (5)
 u - a wand of flame (16)
 y - a wand of polymorph (8)
Scrolls
 c - a scroll of fear
 d - 4 scrolls of teleportation
 f - 2 scrolls of enchant armour
 k - a scroll of identify
 t - 2 scrolls of butterflies
 v - 4 scrolls of blinking
Potions
 b - 3 potions of might
 j - a potion of mutation
 l - a potion of magic
 m - 4 potions of flight
 n - 2 potions of curing
 o - 2 potions of cancellation
 q - a potion of ambrosia
 r - a potion of invisibility
 s - a potion of resistance {unknown}
 x - a potion of haste


   Skills:
 - Level 3.6 Fighting
 + Level 19.3 Axes
 - Level 2.4 Armour
 - Level 2.1 Dodging


You had 9 spell levels left.
You didn't know any spells.
Your spell library was empty.

Dungeon Overview and Level Annotations

Branches:
Dungeon (10/15)            Temple (0/1) D:6            Lair (0/5) D:9
    Orc (0/2) D:9         Ossuary (visited)

Altars:
Dithmenos
Hepliaklqana
Kikubaaqudgha
Nemelex Xobeh
Ru
Vehumet
Zin

Shops:
D:3 ?


Innate Abilities, Weirdness & Mutations

You have a pair of horns on your head.
You reflexively headbutt those who attack you in melee.


Message History

The puff of flame hits the gargoyle but does no damage.
Aiming: Polymorph
Press: ? - help, Shift-Dir - straight line, f/p - gargoyle
Aim: a gargoyle, wielding a +0 flail (steam, not susceptible)
The gargoyle is unaffected.
The gargoyle is engulfed in a cloud of scalding steam.
The gargoyle hurls a stone arrow at you.
The stone arrow hits you!
You hit the gargoyle but do no damage.
The gargoyle is moderately damaged.
The gargoyle hits you with a +0 flail.
You hit the gargoyle.
The gargoyle is heavily damaged.
The gargoyle hurls a stone arrow at you.
You block the stone arrow.
You completely miss the gargoyle.
The gargoyle is heavily damaged.
The gargoyle hurls a stone arrow at you.
The stone arrow hits you!!
You hit the gargoyle. You headbutt the gargoyle.
The gargoyle is heavily damaged.
The gargoyle hits you with a +0 flail!
You hit the gargoyle but do no damage.
You headbutt the gargoyle, but do no damage.
The gargoyle is heavily damaged.
The gargoyle hurls a stone arrow at you.
The stone arrow hits you.
* * * LOW HITPOINT WARNING * * *
A red film seems to cover your vision as you go berserk!
You feel yourself moving faster!
You feel mighty! The gargoyle hits you with a +0 flail!
* * * LOW HITPOINT WARNING * * *
You hit the gargoyle but do no damage.
You headbutt the gargoyle, but do no damage.
The gargoyle is heavily damaged.
You hit the gargoyle but do no damage.
The gargoyle is heavily damaged.
The gargoyle hurls a stone arrow at you.
The stone arrow hits you!
You die...

#......#
#......#
#...[..#
#####..# #....#
#)#..####
##.......#
#........#
.....#.....@#
....##.....9#
≈~~≈~~~~....#
≈≈≈~≈≈≈≈~..~≈~
≈≈≈≈≈≈~≈~≈~~≈≈§~
~≈≈≈≈#.~≈≈≈~~.~~
#~#~##.#≈≈≈~....
$... ..#≈≈##....


You could see a gargoyle.

Vanquished Creatures
  A two-headed ogre (D:9)
  Pikel (D:4)
  A hornet (D:8)
  2 trolls (D:9)
  2 wyverns (D:9)
  A steam dragon (D:7)
  2 acid dragons (D:10)
  Duvessa (D:6)
  5 water moccasins
  3 orc warriors
  2 sky beasts
  3 black bears
  An ogre (D:6)
  2 wolves (D:9)
  2 centaurs (D:9)
  A lemure (D:4)
  Blork the orc (D:4)
  2 kobold brigands (D:6)
  A bullfrog (D:8)
  3 elf zombies (Ossuary)
  2 gnoll sergeants
  2 necrophages
  A scorpion (D:4)
  9 wights
  Dowan (D:6)
  4 killer bees (D:8)
  6 electric eels (D:10)
  3 centaur zombies (Ossuary)
  A human zombie (Ossuary)
  A jelly (D:6)
  3 orc priests
  A gnoll bouda (D:7)
  4 hounds (D:9)
  2 iguanas (D:5)
  9 orc wizards
  2 hound zombies (Ossuary)
  3 mummies (Ossuary)
  Robin (D:4)
  14 gnolls
  6 adders
  2 shadow imps
  A white imp (D:6)
  3 ufetubi
  4 adder zombies (Ossuary)
  A worm (D:2)
  2 dart slugs (D:2)
  39 orcs
  12 endoplasms
  2 giant cockroaches
  A gnoll zombie (Ossuary)
  19 goblins
  11 hobgoblins
  2 jackals (D:5)
  7 quokkas
  4 ball pythons
  11 bats
  3 frilled lizards
  A goblin zombie (Ossuary)
  3 hobgoblin zombies (Ossuary)
  4 jackal zombies (Ossuary)
  16 kobolds
  6 kobold zombies (Ossuary)
  2 orc zombies (Ossuary)
  3 quokka zombies (Ossuary)
  8 rats
  A rat zombie (Ossuary)
280 creatures vanquished.

Vanquished Creatures (others)
  2 withered plants (D:9)
2 creatures vanquished.

Grand Total: 282 creatures vanquished

Notes
Turn   | Place    | Note
-------+----------+-------------------------------------------
     0 | D:1      | BuddhaDhamma the Minotaur Berserker began the quest for the
                  | Orb.
     0 | D:1      | Reached XP level 1. HP: 19/19 MP: 0/0
   225 | D:1      | Reached skill level 4 in Axes
   308 | D:1      | Reached XP level 2. HP: 26/26 MP: 1/1
   696 | D:1      | Found a faded altar of an unknown god.
   872 | D:2      | Reached skill level 5 in Axes
   959 | D:2      | Reached XP level 3. HP: 31/31 MP: 2/2
  1007 | D:2      | Reached ** piety under Trog
  1787 | D:3      | Found a sacrificial altar of Ru.
  1836 | D:3      | Found Gonoz's Magic Scroll Shop.
  2007 | D:3      | Reached XP level 4. HP: 28/39 MP: 3/3
  2009 | D:3      | Reached skill level 6 in Axes
  2891 | D:4      | Noticed Robin
  2908 | D:4      | Killed Robin
  2908 | D:4      | Reached *** piety under Trog
  2970 | D:4      | Found a sparkling altar of Nemelex Xobeh.
  2979 | D:4      | Noticed a black bear
  3045 | D:4      | Noticed Blork the orc
  3047 | D:4      | Noticed a scorpion
  3056 | D:4      | Killed a scorpion
  3057 | D:4      | Reached skill level 7 in Axes
  3057 | D:4      | Reached XP level 5. HP: 40/45 MP: 4/4
  3058 | D:4      | Killed Blork the orc
  3059 | D:4      | Reached skill level 8 in Axes
  3201 | D:4      | Found a sand-covered staircase.
  3251 | Ossuary  | Entered an ossuary
  3305 | Ossuary  | Reached XP level 6. HP: 51/51 MP: 5/5
  3578 | Ossuary  | Reached skill level 9 in Axes
  3593 | Ossuary  | Reached **** piety under Trog
  3643 | Ossuary  | Reached XP level 7. HP: 53/57 MP: 6/6
  3755 | Ossuary  | Reached skill level 10 in Axes
  3903 | D:4      | Noticed Pikel
  3912 | D:4      | Killed Pikel
  3913 | D:4      | Reached skill level 12 in Axes
  3913 | D:4      | Reached XP level 8. HP: 64/64 MP: 7/7
  4492 | D:5      | Entered Level 5 of the Dungeon
  4539 | D:5      | Found a shadowy altar of Dithmenos.
  4899 | D:5      | Reached skill level 13 in Axes
  6013 | D:6      | Reached skill level 14 in Axes
  6082 | D:6      | Found a staircase to the Ecumenical Temple.
  6203 | D:6      | Reached XP level 9. HP: 70/70 MP: 8/8
  6409 | D:6      | Noticed Duvessa
  6409 | D:6      | Noticed Dowan
  6422 | D:6      | Killed Duvessa
  6432 | D:6      | Killed Dowan
  6961 | D:6      | Reached ***** piety under Trog
  7333 | D:7      | Reached skill level 15 in Axes
  7419 | D:7      | Found a glowing silver altar of Zin.
  7419 | D:7      | Noticed an angel
  7632 | D:7      | Identified the +1 cloak "Wimazic" {rElec Int+4}
  7991 | D:7      | Found a radiant altar of Vehumet.
  8104 | D:7      | Reached skill level 16 in Axes
  8953 | D:8      | Paralysed by a hornet for 3 turns
  9385 | D:8      | Reached skill level 17 in Axes
  9385 | D:8      | Reached XP level 10. HP: 68/77 MP: 9/9
 10327 | D:9      | Found an ancient bone altar of Kikubaaqudgha.
 10516 | D:9      | Noticed a two-headed ogre
 10521 | D:9      | Killed a two-headed ogre
 10522 | D:9      | Reached skill level 18 in Axes
 11027 | D:9      | Found a flagged portal.
 11092 | D:9      | Identified the +0 pair of gloves of the Glowing Gods {Harm
                  | rElec Int+4}
 11110 | D:9      | Found a staircase to the Lair.
 11195 | D:9      | Found a faded altar of an unknown god.
 11198 | D:9      | Found a faded altar of an unknown god.
 11198 | D:9      | Found a hazy altar of Hepliaklqana.
 11201 | D:9      | Found a faded altar of an unknown god.
 11563 | D:9      | Found a staircase to the Orcish Mines.
 11709 | D:9      | Received a gift from Trog
 11710 | D:9      | Reached skill level 19 in Axes
 11948 | D:10     | Entered Level 10 of the Dungeon
 12348 | D:10     | Noticed a gargoyle
 12361 | D:10     | Killed from afar by a gargoyle

Illustrated notes

Levels and vault maps discovered:
D:1:      dpeg_arrival_ternary, layout_rooms,
          dreamdust_ecumenical_altar_hidden_monk_grotto, item_on_display_b
D:2:      layout_basic
D:3:      minmay_razor_zed, layout_basic, overflow_temple_1_default,
          serial_shops, shop, kennysheep_cross_room
D:4:      layout_gridville, general_overflow_altar, enter_ossuary_1,
          uniq_blork_the_orc, uniq_robin, uniq_pikel
D:5:      layout_basic, kennysheep_mini, portal_sewer_entry_e
D:6:      dreamdust_elfheim, layout_cave_pods, temple_doors_e
D:7:      layout_loops_cross, zin_angel, mainiacjoe_overflow_catwalk
D:8:      layout_basic, hangedman_decor_peaks_small
D:9:      layout_irregular_city, kiku_gazebo_garden_becter,
          nicolae_hepliaklqana_ecumenical_no_more, erik_lair_island,
          david_orc_2, enter_bailey_5
D:10:     erik_rubicon_b, layout_basic, mainiacjoe_overflow_chevrons,
          nicolae_sif_muna_little_library, serial_corexii_hall,
          corexii_hall_statues_i, corexii_hall_statues_u,
          chequers_hall_statues_y

Skill      XL: |  1  2  3  4  5  6  7  8  9 10 |
---------------+-------------------------------+-----
Axes           | 4 5 7 8 9 12 14 17 19 | 19.3
Fighting       | |  3.6
Armour         | |  2.4
Dodging        | |  2.1

Action                   |  1- 3 |  4- 6 |  7- 9 | 10-12 || total
-------------------------+-------+-------+-------+-------++-------
Melee: Hand axe          |    83 |   215 |   443 |       ||   741
       Headbutt          |    11 |    28 |    75 |    23 ||   137
       Punch             |       |     1 |       |       ||     1
       War axe           |       |       |    26 |   127 ||   153
Throw: Dart              |    19 |    16 |    35 |     1 ||    71
Invok: Berserk           |       |     2 |     6 |     2 ||    10
       Trog's Hand       |       |       |     1 |       ||     1
Evoke: Wand              |       |     1 |       |     9 ||    10
  Use: Scroll            |     6 |     3 |    11 |     7 ||    27
       Potion            |       |       |     2 |     3 ||     5
Armor: Animal skin       |     3 |       |       |       ||     3
       Ring mail         |    13 |       |       |       ||    13
       Scale mail        |     7 |   111 |    71 |       ||   189
       Chain mail        |       |       |   199 |    68 ||   267
Dodge: Dodged            |    48 |    70 |   115 |    49 ||   282
Block: Kite shield       |       |    31 |   112 |    45 ||   188
